Map: Acropolis LE

Players

TurkeyDano

  • Race: Protoss Protoss
  • League: Grandmaster
  • Spawn Location: 11:00

Neeb - Winner!

  • Race: Protoss Protoss
  • League: Master
  • Spawn Location: 5:00

Event: NationWars 2019

VOD

Have the link to the VOD?

Description

Time

  • Played on: Oct. 12, 2019, 11:27 a.m.
  • Length: 10:00
Show
View Real Time Build Order
Export as new Build Order

TurkeyDano Protoss 

Build Orders:  

Get SALT Encoding   

  12  0:01  Probe (Chrono Boost)  
  13  0:10  Probe (Chrono Boost)  
  14  0:17  Pylon  
  14  0:21  Probe  
  15  0:35  Probe  
  16  0:37  Forge  
  16  0:54  Pylon  
  16  1:03  Pylon  
  16  1:05  Pylon  
  16  1:12  Photon Cannon  
  16  1:15  Gateway  
  16  1:20  Probe  
  16  1:25  Photon Cannon  
  18  1:32  Probe (Chrono Boost)  
  18  1:36  Assimilator  
  18  1:44  Probe (Chrono Boost)  
  19  1:49  Probe (Chrono Boost)  
  19  1:50  Assimilator  
  20  1:59  Probe  
  21  2:05  Cybernetics Core  
  21  2:14  Zealot  
  23  2:19  Probe  
  24  2:26  Photon Cannon  
  24  2:36  Pylon  
  24  2:41  Probe  
  25  2:48  Photon Cannon  
  25  2:50  Adept (Chrono Boost)  
  25  2:57  Stargate  
  27  3:03  Shield Battery  
  27  3:06  Probe  
  28  3:15  Adept  
  28  3:37  Shield Battery  
  28  3:44  Void Ray (Chrono Boost)  
  28  3:47  Shield Battery  
  31  3:51  Photon Cannon  
  31  4:06  Photon Cannon  
  31  4:09  Pylon  
  31  4:24  Void Ray (Chrono Boost)  
  35  4:33  Shield Battery  
  35  4:37  Stargate  
  35  4:46  Probe  
  36  4:56  Assimilator  
  36  4:58  Protoss Air Weapons Level 1  
  36  5:14  Pylon  
  36  5:18  Pylon  
  38  5:23  Void Ray (Chrono Boost)  
  34  5:38  Void Ray (Chrono Boost)  
  38  5:42  Shield Battery  
  38  5:52  Shield Battery  
  42  6:21  Void Ray (Chrono Boost)  
  38  6:33  Probe  
  38  6:38  Photon Cannon  
  37  6:56  Stargate  
  37  6:57  Void Ray (Chrono Boost)  
  37  7:00  Pylon  
  41  7:02  Probe  
  41  7:06  Pylon  
  38  7:26  Shield Battery  
  38  7:27  Shield Battery  
  38  7:36  Void Ray (Chrono Boost)  
  42  7:38  Pylon  
  42  7:47  Void Ray  
  46  7:55  Pylon  
  46  8:05  Shield Battery  
  46  8:07  Pylon  
  38  8:33  Void Ray (Chrono Boost)  
  26  8:41  Shield Battery  
  34  8:56  Void Ray (Chrono Boost)  
  29  9:42  Stargate  
  29  9:44  Stargate  
Show
View Real Time Build Order
Export as new Build Order

Neeb Protoss - Winner!

Build Orders:  

Get SALT Encoding   

  12  0:00  Probe  
  13  0:12  Probe  
  14  0:17  Pylon  
  14  0:25  Probe (Chrono Boost)  
  15  0:37  Probe (Chrono Boost)  
  15  0:38  Gateway  
  16  0:44  Assimilator  
  16  0:45  Probe (Chrono Boost)  
  17  0:52  Probe  
  17  0:55  Assimilator  
  18  1:07  Gateway  
  18  1:10  Probe  
  19  1:14  Pylon  
  19  1:25  Cybernetics Core  
  19  1:30  Pylon  
  19  1:38  Pylon  
  19  1:40  Pylon  
  19  1:46  Probe  
  20  1:51  Pylon  
  20  1:58  Stalker (Chrono Boost)  
  22  2:07  Shield Battery  
  22  2:08  Stalker (Chrono Boost)  
  24  2:17  Assimilator  
  24  2:18  Probe  
  25  2:30  Probe  
  26  2:42  Probe  
  27  2:48  Stargate  
  27  2:57  Shield Battery  
  27  2:58  Shield Battery  
  27  3:03  Pylon  
  27  3:25  Probe  
  27  3:32  Void Ray (Chrono Boost)  
  27  3:37  Probe  
  31  3:48  Stargate  
  31  3:53  Shield Battery  
  31  3:54  Shield Battery  
  31  3:56  Shield Battery  
  31  3:58  Pylon  
  31  4:10  Void Ray (Chrono Boost)  
  35  4:41  Void Ray  
  35  4:43  Pylon  
  39  4:47  Shield Battery  
  39  4:49  Shield Battery  
  39  5:07  Shield Battery  
  39  5:09  Shield Battery  
  39  5:12  Void Ray (Chrono Boost)  
  43  5:35  Void Ray (Chrono Boost)  
  39  5:44  Shield Battery  
  39  5:51  Shield Battery  
  39  6:04  Robotics Facility  
  39  6:22  Void Ray (Chrono Boost)  
  39  6:27  Zealot x2  
  43  6:36  Pylon  
  47  6:43  Void Ray (Chrono Boost)  
  47  6:59  Shield Battery  
  47  7:03  Shield Battery  
  47  7:05  Shield Battery  
  43  7:17  Void Ray (Chrono Boost)  
  39  7:30  Void Ray (Chrono Boost)  
  39  7:32  Shield Battery  
  43  7:42  Shield Battery  
  43  8:00  Void Ray  
  47  8:11  Shield Battery  
  47  8:13  Shield Battery  
  43  8:37  Void Ray (Chrono Boost)  
  43  9:17  Nexus  
  43  9:23  Robotics Facility  
  39  9:30  Probe  
  32  9:42  Probe  
Tags
 
Add a new tag
Caveats
  • Supply blocks, unpowered buildings, or Contaminate may cause inaccurate times.
  • Supply counts are checked every 10 seconds.